 Dungeon Crawl Stone Soup version 0.26.1-2-gb8aa6d0cf2 (webtiles) character file.

Game seed: 2890621034066603893

1345 Groucho the Covert (level 8, -1/36 HPs)
             Began as a Spriggan Enchanter on Feb 17, 2021.
             Slain by a hound (4 damage)
             ... on level 6 of the Dungeon.
             The game lasted 00:12:06 (8720 turns).

Groucho the Covert (Spriggan Enchanter)             Turns: 8720, Time: 00:12:07

Health: -1/36      AC:  5    Str:  6    XL:     8   Next: 36%
Magic:  7/18       EV: 18    Int: 17    God:
Gold:   417        SH:  0    Dex: 16    Spells: 7/19 levels left

rFire    + . .     SeeInvis +   r - +4 dagger (speed)
rCold    + . .     Faith    .   (shield restricted)
rNeg     . . .     Spirit   .   D - +2 robe {rF+}
rPois    .         Reflect  .   (helmet restricted)
rElec    .         Harm     .   n - +0 cloak
rCorr    .         Rampage  .   (gloves unavailable)
Will     +....                  (boots unavailable)
Stlth    ++++++....             (no amulet)
HPRegen  0.12/turn              v - ring of stealth
MPRegen  0.16/turn              k - ring of protection from cold

@: very quick
A: very small, unfitting armour, see invisible, speed 3
a: no special abilities


You were on level 6 of the Dungeon.
You visited 1 branch of the dungeon, and saw 6 of its levels.

You collected 417 gold pieces.

Inventory:

Hand Weapons
 a - a +1 dagger
 r - a +4 dagger of speed (weapon)
Missiles
 u - 25 poisoned darts
Armour
 n - a +0 cloak (worn)
 D - a +2 robe of fire resistance (worn)
Jewellery
 k - a ring of protection from cold (right hand)
 o - a cursed ring of teleportation
 v - a ring of stealth (left hand)
 y - a cursed ring of attention
Wands
 q - a wand of polymorph (2)
 B - a wand of iceblast (6)
 G - a wand of flame (7) (quivered)
Scrolls
 c - 3 scrolls of identify
 f - 4 scrolls of teleportation {unknown}
 h - 5 scrolls of remove curse {unknown}
 i - 2 scrolls of enchant weapon {unknown}
 j - 5 scrolls of immolation {unknown}
 l - a scroll of random uselessness {unknown}
 s - 2 scrolls of enchant armour {unknown}
 t - a scroll of magic mapping {unknown}
 z - a scroll of amnesia {unknown}
Potions
 b - 2 potions of ambrosia {unknown}
 d - 3 potions of berserk rage {unknown}
 e - 4 potions of attraction {unknown}
 g - a potion of magic {unknown}
 m - 2 potions of curing {unknown}
 p - 2 potions of flight {unknown}
 w - a potion of mutation {unknown}
 x - 2 potions of lignification {unknown}
 A - 4 potions of haste {unknown}
 C - 2 potions of might {unknown}
 E - a potion of resistance {unknown}
 F - a potion of degeneration {unknown}


   Skills:
 - Level 1.1 Short Blades
 - Level 3.0 Dodging
 * Level 12.3 Stealth
 + Level 6.3 Spellcasting
 + Level 6.7 Hexes


You had 7 spell levels left.
You knew the following spells:

 Your Spells              Type           Power        Failure   Level
a - Corona                Hex            31%          1%          1
b - Ensorcelled Hibernat  Hex/Ice        32%          4%          2
c - Confusing Touch       Hex            28%          2%          3
d - Tukima's Dance        Hex            28%          2%          3
e - Dazzling Flash        Conj/Hex       32%          10%         3

Your spell library contained the following spells:

 Spells                   Type           Power        Failure   Level


Dungeon Overview and Level Annotations

Branches:
Dungeon (6/15)
 Temple: D:4-7

Altars:
Elyvilon
Okawaru
Trog

Annotations:
D:2 2 transporters
D:6 Maggie


Innate Abilities, Weirdness & Mutations

You are very small and have problems with some larger weapons.
You are too small for most types of armour.
You have supernaturally acute eyesight. (SInv)
You cover ground extremely quickly.


Message History

Aim: a hound (heavily wounded, chance to affect: 55%)
The hound resists with significant effort.
The hound closely misses you.
Your +0 broad axe of flaming hits Maggie but does no damage.
Casting: Ensorcelled Hibernation (safe; 4% risk of failure)
Confirm with . or Enter, or press ? or * to list all spells.
Aiming: Ensorcelled Hibernation (safe; 4% risk of failure)
Press: ? - help, Shift-Dir - straight line, f/p - hound
Aim: a hound (heavily wounded, chance to affect: 55%)
The hound resists with significant effort.
The hound misses you.
Maggie hits your +0 broad axe of flaming but does no damage.
Casting: Ensorcelled Hibernation (safe; 4% risk of failure)
Confirm with . or Enter, or press ? or * to list all spells.
Aiming: Ensorcelled Hibernation (safe; 4% risk of failure)
Press: ? - help, Shift-Dir - straight line, f/p - hound
Aim: a hound (heavily wounded, chance to affect: 55%)
The hound resists with significant effort.
The hound bites you.
You die...

.........# <........#.
. #.....#..^.
..######........#
................#
................#
.#..............######
.......@h@............
..........(.?.........
..............<#.....
................>.....
..(............#......
.............>........
...............#......
..###........###......
.......... .....


You could see Maggie (confused), a hound and a friendly +0 broad axe of flaming.

Vanquished Creatures
  Grinder (D:5)
  Sigmund (D:4)
  Duvessa (D:4)
  An ogre (D:3)
  An ice beast (D:5)
  A centaur (D:5)
  A scorpion (D:5)
  Dowan (D:4)
  2 hounds (D:5)
  A jelly (D:5)
  2 orc priests
  An orc wizard (D:5)
  Terence (D:2)
  Jessica (D:2)
  Ijyb (D:5)
  Natasha (D:3)
  A worker ant (D:5)
  3 worker ant zombies
  Robin (D:3)
  A gnoll (D:1)
  6 adders
  An ufetubus (D:5)
  An ooze (D:3)
  2 worms
  4 dart slugs
  A leopard gecko (D:5)
  13 orcs
  8 bats
  2 giant cockroaches
  16 goblins
  11 hobgoblins
  2 jackals (D:3)
  6 kobolds
  3 quokkas
  2 ball pythons
  10 frilled lizards
  A leopard gecko skeleton (D:4)
  6 rats
119 creatures vanquished.

Vanquished Creatures (others)
  A wizard (D:5)
1 creature vanquished.

Grand Total: 120 creatures vanquished

Notes
Turn   | Place    | Note
-------+----------+-------------------------------------------
     0 | D:1      | Groucho the Spriggan Enchanter began the quest for the Orb.
     0 | D:1      | Reached XP level 1. HP: 9/9 MP: 5/5
   104 | D:1      | Reached skill level 5 in Stealth
   173 | D:1      | Reached XP level 2. HP: 13/13 MP: 6/6
   182 | D:1      | Learned a level 2 spell: Ensorcelled Hibernation
   409 | D:1      | Reached skill level 6 in Stealth
   511 | D:1      | Reached XP level 3. HP: 15/16 MP: 8/8
  1240 | D:2      | Reached skill level 7 in Stealth
  1358 | D:2      | Learned a level 3 spell: Confusing Touch
  1600 | D:2      | Noticed Terence
  1611 | D:2      | Killed Terence
  1612 | D:2      | Reached XP level 4. HP: 21/21 MP: 6/9
  1981 | D:2      | Noticed Jessica
  1992 | D:2      | Killed Jessica
  2978 | D:2      | Found a transporter.
  2982 | D:2      | Found a white marble altar of Elyvilon.
  3009 | D:2      | Found a transporter.
  3417 | D:3      | Reached skill level 8 in Stealth
  3429 | D:3      | Reached XP level 5. HP: 24/24 MP: 9/11
  3666 | D:3      | Noticed an ogre
  4237 | D:3      | Killed an ogre
  4238 | D:3      | Reached skill level 9 in Stealth
  4238 | D:3      | Reached XP level 6. HP: 28/28 MP: 9/12
  4271 | D:3      | Noticed Natasha
  4278 | D:3      | Killed Natasha
  4417 | D:3      | Noticed Robin
  4431 | D:3      | Killed Robin
  4784 | D:4      | Noticed Dowan
  4787 | D:4      | Noticed Sigmund
  4791 | D:4      | Killed Dowan
  4792 | D:4      | Noticed Duvessa
  4834 | D:5      | Entered Level 5 of the Dungeon
  5399 | D:4      | Killed Duvessa
  5400 | D:4      | Reached skill level 5 in Hexes
  5409 | D:4      | Killed Sigmund
  5410 | D:4      | Reached skill level 10 in Stealth
  5410 | D:4      | Reached XP level 7. HP: 32/32 MP: 10/15
  5814 | D:4      | Reached skill level 5 in Spellcasting
  7048 | D:5      | Noticed Ijyb
  7064 | D:5      | Killed Ijyb
  7202 | D:5      | Reached skill level 11 in Stealth
  7620 | D:5      | Noticed Grinder
  7648 | D:5      | Killed Grinder
  7649 | D:5      | Reached XP level 8. HP: 31/36 MP: 8/17
  7878 | D:5      | Found a bloodstained altar of Trog.
  7879 | D:5      | Noticed a wizard
  7885 | D:5      | Killed a wizard
  8014 | D:5      | Found a bloodstained altar of Trog.
  8014 | D:5      | Found an iron altar of Okawaru.
  8127 | D:5      | Reached skill level 12 in Stealth
  8299 | D:6      | Noticed Maggie
  8684 | D:5      | Learned a level 3 spell: Tukima's Dance
  8688 | D:5      | Learned a level 3 spell: Dazzling Flash
  8720 | D:6      | Slain by a hound

Illustrated notes

Levels and vault maps discovered:
D:1:      wheals_arrival_shading, layout_loops_ring
D:2:      layout_basic, gammafunk_temple_overflow_arena, palyth_stone_intersect,
          uniq_jessica, uniq_terence
D:3:      layout_basic, uniq_robin, uniq_natasha
D:4:      layout_basic, uniq_sigmund, uniq_duvessa
D:5:      layout_loops_cross, grunt_temple_overflow_bloody_war,
          amcnicky_mini_rare_corridor_liquid, trog_wizard, uniq_ijyb,
          uniq_grinder
D:6:      layout_rooms, minitemple, lemuel_tele_altar, uniq_edmund, uniq_maggie,
          uniq_prince_ribbit1

Skill      XL: |  1  2  3  4  5  6  7  8 |
---------------+-------------------------+-----
Stealth        | 5 6 7 8 9 10 11 12 | 12.3
Spellcasting   | 3 4 5 6 |  6.3
Hexes          | 4 5 6 |  6.7
Short Blades   | |  1.1
Dodging        | |  3.0

Action                   |  1- 3 |  4- 6 |  7- 9 || total
-------------------------+-------+-------+-------++-------
Melee: Dagger            |   127 |   124 |   135 ||   386
 Cast: Ensorcelled Hiber |     2 |    21 |    35 ||    58
       Confusing Touch   |       |     4 |    12 ||    16
       Corona            |       |       |     1 ||     1
       Tukima's Dance    |       |       |     1 ||     1
Evoke: Wand              |       |       |     2 ||     2
  Use: Scroll            |       |     4 |       ||     4
 Stab: Sleeping          |     9 |    23 |    23 ||    55
       Confused          |       |     2 |    11 ||    13
Armor: Robe              |    13 |    11 |    11 ||    35
Dodge: Dodged            |   107 |    61 |    55 ||   223
